 Dungeon Crawl Stone Soup version 0.31-a0-441-g867994ef1c (webtiles) character file.

Game seed: 12850215529865409322

984 Shard1697 the Chopper (level 7, -1/52 HPs)
             Began as a Demonspawn Artificer on Aug 2, 2023.
             Was an Initiate of Okawaru.
             Slain by an ice beast (8 damage)
             ... on level 6 of the Dungeon.
             The game lasted 00:09:11 (6090 turns).

Shard1697 the Chopper (Demonspawn Artificer)        Turns: 6090, Time: 00:09:12

Health: -1/52      AC: 10    Str: 15    XL:     7   Next: 97%
Magic:  7/7        EV:  7    Int: 12    God:    Okawaru [......]
Gold:   304        SH:  0    Dex: 13    Spells: 6/6 levels left

rFire   . . .        a - +0 hand axe
rCold   . . .        (no shield)
rNeg    . . .        v - +0 chain mail
rPois   .            (helmet restricted)
rElec   .            i - +1 cloak
rCorr   .            (no gloves)
SInv    .            (no boots)
Will    .....        (no amulet) Stlth
                     (no ring)
HPRegen 0.00/turn    (no ring)
MPRegen 0.10/turn

%: no passive effects
@: confused, lethally poisoned (-1 -> -4), ambrosia-drunk, inhibited regen
A: ignite blood 1, powered by death 2, beak, inhibited regeneration
a: Renounce Religion


You were on level 6 of the Dungeon.
You worshipped Okawaru.
Okawaru was noncommittal.
You visited 2 branches of the dungeon, and saw 8 of its levels.

You collected 354 gold pieces.
You spent 50 gold pieces at shops.

Inventory:

Hand Weapons
 a - a +0 hand axe (weapon)
 b - a +0 flail
Armour
 i - a +1 cloak (worn)
 m - a +1 pair of gloves
 r - a +0 ring mail
 v - a +0 chain mail (worn)
Scrolls
 h - a scroll of vulnerability
Potions
 c - 2 potions of degeneration {unknown}
 e - a potion of invisibility {unknown}
 f - a potion of magic
 l - a potion of curing {unknown}
 n - a potion of brilliance {unknown}
 p - a potion of lignification {unknown}
 q - a potion of enlightenment
 s - a potion of cancellation {unknown}
 u - a potion of attraction {unknown}
 w - a potion of mutation


   Skills:
 + Level 3.2 Fighting
 + Level 7.2(7.4) Axes
 - Level 2.5(5.2) Maces & Flails
 - Level 1.7 Armour
 - Level 0.8 Dodging
 - Level 0.8 Stealth
 - Level 3.0 Evocations


You had 6 spell levels left.
You didn't know any spells.
Your spell library contained the following spells:

 Spells                   Type           Power      Damage    Failure   Level
 Lee's Rapid Deconstruct  Erth           0%         3d4*      100%        5
 Animate Armour           Summ/Erth      Unusable   N/A       N/A         4
 Summon Lightning Spire   Summ/Air       Unusable   N/A       N/A         4

Dungeon Overview and Level Annotations

Branches:
Dungeon (7/15)             Temple (1/1) D:4

Altars:
Ashenzari
Cheibriados
Fedhas
Kikubaaqudgha
Makhleb
Okawaru
Qazlal
Ru
Sif Muna
Trog
Uskayaw
Wu Jian
Yredelemnul

Shops:
D:1 !*

Annotations:
D:7 Joseph


Innate Abilities, Weirdness & Mutations

Your demonic aura sometimes causes spilled blood to erupt in flames.
You regenerate health from kills.
You have a beak for a mouth.
You do not regenerate when monsters are visible.


Message History

There is a stone staircase leading up, spattered with blood here.
Joseph is nearby!
You aren't carrying any items that you can evoke.
Joseph shoots a sling bullet.
The sling bullet hits you!
You climb upwards.
The ice beast hits you. The ice beast freezes you!
There is a stone staircase leading down here.
The ice beast barely misses you.
The ice beast hits you but does no damage.
The orc attacks as you move away!
The orc hits you with a +1 mace of venom!
* * * LOW HITPOINT WARNING * * *
You are poisoned.
The ice beast attacks as you move away!
The ice beast hits you but does no damage.
You feel very sick.
There is an open door here.
It was a potion of mutation.
You feel extremely strange.
Your regeneration stops near monsters.
Your mouth lengthens and hardens into a beak!
* * * LOW HITPOINT WARNING * * *
You feel sick.
The ice beast hits you but does no damage.
The ice beast attacks as you move away!
The ice beast hits you but does no damage.
You feel sick.
There is an open door here.
Okay, then.
As you read the scroll labelled KOETOG ZEAMP, it crumbles to dust.
You hear a loud clanging noise!
It was a scroll of noise.
* * * LOW HITPOINT WARNING * * *
You feel sick.
You hear a shout! x2
The ice beast hits you but does no damage.
It was a potion of ambrosia.
You are confused.
You feel invigorated.
You feel sick. The ice beast hits you.
* * * LOW HITPOINT WARNING * * *
The ice beast freezes you!
You die...

....#####.....+ ...............
..............####... ..........
.................... ........
####..............# #....#
#..............# #....#
#..............# #....#
#..............# #....#
#.....#####....#####+#....####
####.....'...###@##..#..........#
...#.....#...#...Yo..#..........#
...#.....#...#...#..>'..........#
##.#.....###.###.#####..........#
##.####....#.# #.##.......####.!.
'.....#....# . +..#.......# ...
#.......<..+ .#..+.......# ..
)#..#......# #####.......# .
############ ............


You could see an ice beast and an orc.

Vanquished Creatures
  Edmund (D:5)
  A black bear (D:4)
  A sky beast (D:5)
  2 phantoms
  A scorpion (D:5)
  A jelly (D:5)
  A hound (D:6)
  An orc priest (D:5)
  A sleepcap (D:5)
  2 iguanas (D:5)
  An orc wizard (D:5)
  14 adders
  A shadow imp (D:6)
  A white imp (D:6)
  3 worms
  A dart slug (D:2)
  12 orcs
  8 bats
  7 endoplasms
  4 giant cockroaches
  7 goblins
  8 hobgoblins
  3 quokkas
  8 ball pythons
  3 frilled lizards (D:3)
  5 kobolds
  3 rats (D:1)
101 creatures vanquished.

Vanquished Creatures (collateral kills)
  2 orcs
2 creatures vanquished.

Vanquished Creatures (others)
  A jelly (D:5)
  An orc priest (D:5)
2 creatures vanquished.

Grand Total: 105 creatures vanquished

Notes
Turn   | Place    | Note
-------+----------+-------------------------------------------
     0 | D:1      | Shard1697 the Demonspawn Artificer began the quest for the
                  | Orb.
     0 | D:1      | Reached XP level 1. HP: 15/15 MP: 1/1
   159 | D:1      | Found Uludgh's Assorted Antiques.
   228 | D:1      | Reached skill level 1 in Maces & Flails
   314 | D:1      | Gained mutation: You regenerate a little health from kills.
                  | [demonic ancestry]
   314 | D:1      | Reached XP level 2. HP: 21/21 MP: 2/2
   712 | D:1      | Found Buroxkem's Distillery.
   718 | D:1      | Bought a potion of heal wounds for 50 gold pieces
  1058 | D:1      | Gained mutation: Your demonic aura sometimes causes spilled
                  | blood to erupt in flames. [demonic ancestry]
  1058 | D:1      | Reached XP level 3. HP: 25/26 MP: 3/3
  1195 | D:2      | Reached skill level 1 in Axes
  1629 | D:2      | Reached skill level 2 in Axes
  1629 | D:2      | Reached XP level 4. HP: 16/32 MP: 4/4
  1806 | D:2      | Found a stormy altar of Qazlal.
  2566 | D:3      | Reached skill level 3 in Axes
  2584 | D:3      | Reached XP level 5. HP: 36/37 MP: 5/5
  2906 | D:4      | Noticed a black bear
  2918 | D:4      | Killed a black bear
  2919 | D:4      | Reached skill level 4 in Axes
  3191 | D:4      | Reached XP level 6. HP: 43/43 MP: 6/6
  3375 | D:4      | Found a basalt altar of Yredelemnul.
  3402 | D:4      | Found a staircase to the Ecumenical Temple.
  3450 | D:4      | Reached skill level 5 in Axes
  3495 | D:4      | You fall into a shaft and drop 3 floors!
  3551 | D:7      | Noticed a water moccasin
  3693 | D:5      | Entered Level 5 of the Dungeon
  3708 | D:5      | Noticed Edmund
  3728 | D:5      | Killed Edmund
  3729 | D:5      | Reached skill level 6 in Axes
  3729 | D:5      | Gained mutation: You regenerate health from kills. [demonic
                  | ancestry]
  3729 | D:5      | Reached XP level 7. HP: 23/48 MP: 7/7
  4330 | D:5      | Found an ancient bone altar of Kikubaaqudgha.
  4348 | D:5      | Reached skill level 7 in Axes
  4537 | D:5      | Found a broken altar of Ashenzari.
  4762 | D:5      | Found a burning altar of Makhleb.
  4772 | D:5      | Identified the +1 mace of the Owl {flame, Str+2}
  5047 | Temple   | Entered the Ecumenical Temple
  5071 | Temple   | Became a worshipper of Warmaster Okawaru
  6081 | D:7      | Noticed Joseph
  6087 | D:6      | Gained mutation: You do not regenerate when monsters are
                  | visible. [potion of mutation]
  6087 | D:6      | Gained mutation: You have a beak for a mouth. [potion of
                  | mutation]
  6090 | D:6      | Slain by an ice beast

Illustrated notes

Levels and vault maps discovered:
D:1:      matt_arrival_los_fun, layout_loops_ring, serial_shops, shop, shop
D:2:      layout_loops_ring, basic_altar, kennysheep_boxes
D:3:      layout_loops_ring, dreamdust_wishing_well, minmay_misc_feat_diagonals
D:4:      layout_basic, nicolae_overflow_crystal_walls,
          mainiacjoe_overflow_brackets, minmay_temple_entry_from_below_a
D:5:      layout_cave_pods, bloody_makhleb, kiku_gazebo_garden_becter,
          zin_statuary, kennysheep_little_box, uniq_edmund
D:6:      layout_gridville, riverfiend_overflow_shadow_ancestor,
          kennysheep_generic_room_3
D:7:      layout_loops_ring, minmay_misc_feat_five, small_statue_intersection,
          uniq_pikel, uniq_joseph
Temple:   hellmonk_temple_beads

Skill      XL: |  1  2  3  4  5  6  7 |
---------------+----------------------+-----
Maces & Flails | 1 2 |  2.5
Axes           | 2 3 4 6 7 |  7.2
Fighting       | 3 |  3.2
Armour         | |  1.7
Dodging        | |  0.8
Stealth        | |  0.8
Evocations     | |  3.0

Action                     |  1- 3 |  4- 6 |  7- 9 || total
---------------------------+-------+-------+-------++-------
  Melee: Whip              |    86 |       |       ||    86
         Club              |     6 |       |       ||     6
         Hand axe          |    39 |   231 |   147 ||   417
         Punch             |       |     1 |     2 ||     3
  Evoke: Wand              |     9 |     9 |     5 ||    23
    Use: Scroll            |     4 |     2 |     2 ||     8
         Potion            |       |     3 |     3 ||     6
   Stab: Sleeping          |     1 |       |       ||     1
 Armour: Leather armour    |    41 |       |       ||    41
         Ring mail         |    15 |    21 |       ||    36
         Chain mail        |       |   138 |    77 ||   215
  Dodge: Dodged            |    87 |    91 |    50 ||   228

Table legend: (Time is in decaauts)
 A = Elapsed time spent in this place.
 B = Non-inter-level travel time spent in this place.
 C = Inter-level travel time spent in this place.
 D = Time resting spent in this place.
 E = Time spent auto-exploring this place.
 F = Levels seen in this place.
 G = Mean time per level.
                   A        B        C        D        E       F      G
               +--------+--------+--------+--------+--------+-----+--------+
         Total |   6126 |   5802 |    324 |    815 |   3698 |   8 |  765.8 |
       Dungeon |   6078 |   5800 |    278 |    815 |   3698 |   7 |  868.3 |
        Temple |     48 |      2 |     46 |      0 |      0 |   1 |   48.0 |
               +--------+--------+--------+--------+--------+-----+--------+

Top non-repeatable levels by time:
     D:5: 1512 daAuts
     D:2: 1117 daAuts
     D:4: 1052 daAuts
     D:1: 899 daAuts
     D:3: 886 daAuts
     D:6: 528 daAuts
     D:7: 82 daAuts
  Temple: 48 daAuts
